 Dungeon Crawl Stone Soup version 0.30-a0-715-gdb4ae3ece1 (webtiles) character file.

Game seed: 9127288833603727772

82 pokeman the Magician (level 4, 0/25 HPs)
             Began as a Deep Elf Hedge Wizard on Jan 25, 2023.
             Slain by an adder (2 damage)
             ... on level 4 of the Dungeon.
             The game lasted 00:04:01 (3178 turns).

pokeman the Magician (Deep Elf Hedge Wizard)        Turns: 3178, Time: 00:04:02

Health: 0/25       AC:  2    Str: 13    XL:     4   Next: 21%
Magic:  13/13      EV: 12    Int: 21    God:
Gold:   171        SH:  0    Dex: 14    Spells: 2/14 levels left

rFire   . . .      SeeInvis .    o - +1 mace (venom)
rCold   . . .      Faith    .    (no shield)
rNeg    . . .      Spirit   .    b - +0 robe
rPois   .          Reflect  .    c - +0 hat
rElec   .          Harm     .    (no cloak)
rCorr   .          Rampage  .    (no gloves)
Will    .....                    (no boots)
Stlth   ++                       (no amulet)
HPRegen 0.24/turn                k - ring of flight
MPRegen 0.13/turn                n - +6 ring of strength

@: brilliant, lethally poisoned (0 -> -8), flying
A: no striking features
a: no special abilities


You were on level 4 of the Dungeon.
You visited 1 branch of the dungeon, and saw 4 of its levels.

You collected 171 gold pieces.

Inventory:

Hand Weapons
 o - a +1 mace of venom (weapon)
Armour
 b - a +0 robe (worn)
 c - a +0 hat (worn)
Jewellery
 k - a ring of flight (left hand)
 l - the amulet of Mamouxi {Faith rC+}
   (You found it on level 2 of the Dungeon)

   [amulet of faith]

   It allows you to gain divine favour quickly.
   rC:        It protects you from cold.
 n - a +6 ring of strength (right hand)
Scrolls
 e - 2 scrolls of vulnerability {unknown}
 h - 4 scrolls of fog {unknown}
 i - 5 scrolls of identify {unknown}
Potions
 a - a potion of brilliance
 d - a potion of magic
 f - a potion of resistance {unknown}
 g - a potion of lignification {unknown}
 j - a potion of ambrosia {unknown}
 m - a potion of curing {unknown}


   Skills:
 - Level 1.0 Fighting
 - Level 1.0 Armour
 + Level 2.6 Dodging
 + Level 2.6 Stealth
 * Level 5.6 Spellcasting
 + Level 2.1 Conjurations
 - Level 1.1 Summonings
 - Level 1.1 Translocations


You had 2 spell levels left.
You knew the following spells:

 Your Spells              Type           Power      Damage    Failure   Level
a - Magic Dart            Conj           88%        1d7       4%          1
b - Mephitic Cloud        Conj/Pois/Air  13%        N/A       22%         3
c - Call Imp              Summ           15%        N/A       10%         2
d - Blink                 Tloc           30%        N/A       10%         2
e - Iskenderun's Mystic   Conj/Tloc      19%        2d6       45%         4

Your spell library contained the following spells:

 Spells                   Type           Power      Damage    Failure   Level
 Apportation              Tloc           30%        N/A       6%          1
 Slow                     Hex            32%        N/A       11%         1
 Cigotuvi's Dreadful Rot  Necr/Pois/Air  16%        N/A       16%         2
 Poisonous Vapours        Pois/Air       16%        N/A       16%         2
 Kindle Blastsparks       Fire/Tloc/Air  22%        2d11      26%         3
 Fulminant Prism          Conj/Hex       7%         3d7       54%         4
 Alistair's Intoxication  Tmut/Pois      5%         N/A       96%         5
 Lee's Rapid Deconstruct  Erth           4%         3d5*      96%         5


Dungeon Overview and Level Annotations

Branches:
Dungeon (4/15)
 Temple: D:4-7

Altars:
Fedhas
Sif Muna

Annotations:
D:3 Books behind wall


Message History

You aren't carrying any items that you can evoke.
There is an open door here.
Done exploring.
Done exploring.
There is a stone staircase leading down here.
You fly downwards.
Found 18 gold pieces.
Found a stone staircase leading up.
There is a stone staircase leading up here.
The helpless adder fails to defend itself.
You hit the adder.
The adder is poisoned.
The adder is lightly wounded.
The adder barely misses you.
The hobgoblin shouts!
You hit the hobgoblin.
The hobgoblin is poisoned.
The hobgoblin is heavily wounded.
The adder bites you.
You are poisoned.
The adder poisons you! The hobgoblin hits you. The adder bites you.
You are more poisoned.
The adder poisons you!
You barely miss the adder.
The adder is heavily wounded.
You feel very sick. The adder bites you.
You are lethally poisoned!
The adder poisons you!
The hobgoblin hits you but does no damage.
The adder closely misses you. The hobgoblin hits you.
You hit the hobgoblin.
You kill the hobgoblin!
You feel very sick. The adder bites you.
* * * LOW HITPOINT WARNING * * *
The adder bites you.
* * * LOW HITPOINT WARNING * * *
It was a potion of brilliance.
You feel clever all of a sudden.
* * * LOW HITPOINT WARNING * * *
You feel sick. The adder bites you.
You die...

# $. #####
.###...
......
##...##
####...S.#
.......@.#
####..†.<#
##...##
#####


You could see an adder (poisoned).

Vanquished Creatures
  An adder (D:2)
  2 worms
  2 dart slugs (D:1)
  3 orcs (D:2)
  5 bats (D:1)
  6 endoplasms
  A giant cockroach (D:2)
  3 goblins
  2 hobgoblins
  7 jackals
  4 kobolds
  5 quokkas
  3 ball pythons
  A frilled lizard (D:3)
  6 rats
51 creatures vanquished.

Vanquished Creatures (collateral kills)
  A worm (D:2)
1 creature vanquished.

Grand Total: 52 creatures vanquished

Notes
Turn   | Place    | Note
-------+----------+-------------------------------------------
     0 | D:1      | pokeman the Deep Elf Hedge Wizard began the quest for the
                  | Orb.
     0 | D:1      | Reached XP level 1. HP: 10/10 MP: 7/7
   151 | D:1      | Reached XP level 2. HP: 16/16 MP: 3/9
   641 | D:1      | Reached skill level 5 in Spellcasting
   989 | D:2      | Reached XP level 3. HP: 20/20 MP: 8/11
  1004 | D:2      | Learned a level 3 spell: Mephitic Cloud
  1007 | D:2      | Learned a level 2 spell: Call Imp
  1010 | D:2      | Learned a level 2 spell: Blink
  1178 | D:2      | Found a blossoming altar of Fedhas.
  1420 | D:2      | Identified the amulet of Mamouxi {Faith rC+}
  1772 | D:2      | Reached skill level 1 in Fighting
  2071 | D:2      | Reached skill level 1 in Armour
  2440 | D:3      | Reached XP level 4. HP: 16/24 MP: 13/13
  2803 | D:3      | Found a faded altar of an unknown god.
  2851 | D:3      | Learned a level 4 spell: Iskenderun's Mystic Blast
  3094 | D:3      | Found a shimmering blue altar of Sif Muna.
  3178 | D:4      | Slain by an adder

Illustrated notes

Levels and vault maps discovered:
D:1:      minmay_arrival_up_and_down, layout_rooms
D:2:      layout_basic, basic_altar
D:3:      layout_loops_ring, nicolae_sif_muna_little_library,
          chequers_ecumenical_altar_island
D:4:      layout_loops_ring, minmay_misc_feat_alley

Skill      XL: |  1  2  3 |
---------------+----------+-----
Spellcasting   | 5 |  5.6
Fighting       | 1 |  1.0
Armour         | 1 |  1.0
Conjurations   | 2 |  2.1
Dodging        | |  2.6
Stealth        | |  2.6
Summonings     | |  1.1
Translocations | |  1.1

Action                     |  1- 3 |  4- 6 || total
---------------------------+-------+-------++-------
  Melee: Dagger            |    12 |     1 ||    13
         Flail             |     2 |       ||     2
         Mace              |       |    14 ||    14
   Cast: Magic Dart        |   128 |    15 ||   143
         Call Imp          |     1 |       ||     1
    Use: Potion            |       |     1 ||     1
   Stab: Sleeping          |     1 |     2 ||     3
 Armour: Robe              |     6 |     4 ||    10
  Dodge: Dodged            |    33 |    14 ||    47

Table legend: (Time is in decaauts)
 A = Elapsed time spent in this place.
 B = Non-inter-level travel time spent in this place.
 C = Inter-level travel time spent in this place.
 D = Time resting spent in this place.
 E = Time spent auto-exploring this place.
 F = Levels seen in this place.
 G = Mean time per level.
                   A        B        C        D        E       F      G
               +--------+--------+--------+--------+--------+-----+--------+
         Total |   3180 |   3114 |     66 |      0 |   2796 |   4 |  795.0 |
       Dungeon |   3180 |   3114 |     66 |      0 |   2796 |   4 |  795.0 |
               +--------+--------+--------+--------+--------+-----+--------+

Top non-repeatable levels by time:
     D:2: 1170 daAuts
     D:3: 1017 daAuts
     D:1: 986 daAuts
     D:4: 6 daAuts
